 Dungeon Crawl Stone Soup version 0.29.1-15-g9cfb28693d (webtiles) character file.

Game seed: 10200645693938560298

1116 cowcol the Chopper (level 8, -2/64 (70) HPs)
             Began as a Minotaur Fighter on Mar 21, 2023.
             Slain by a wight
             ... wielding a +5 battleaxe
              (6 damage)
             ... on level 6 of the Dungeon.
             The game lasted 00:13:23 (7886 turns).

cowcol the Chopper (Minotaur Fighter)               Turns: 7886, Time: 00:13:24

HP:   -2/64 (70)    AC:  7    Str: 18    XL:     8   Next: 12%
MP:   7/7           EV:  9    Int:  5    God:
Gold: 389           SH:  5    Dex: 12    Spells: 7/7 levels left

rFire   . . .      SeeInvis .   g - +5 hand axe of Megalomania {speed, Fly rN++ Str-3}
rCold   . . .      Faith    .   c - +0 buckler
rNeg    + + .      Spirit   .   b - +0 scale mail
rPois   .          Reflect  .   (helmet restricted)
rElec   .          Harm     .   (no cloak)
rCorr   .          Rampage  .   (no gloves)
Will    .....                   (no boots)
Stlth   ..........              (no amulet)
HPRegen 0.20/turn               (no ring)
MPRegen 0.10/turn               (no ring)

@: flying, drained
A: horns 2, retaliatory headbutt
a: no special abilities


You were on level 6 of the Dungeon.
You visited 1 branch of the dungeon, and saw 6 of its levels.

You collected 389 gold pieces.

Inventory:

Hand Weapons
 a - a +0 war axe
 g - the +5 hand axe of Megalomania (weapon) {speed, Fly rN++ Str-3}
   (You found it on level 2 of the Dungeon)

   Attacks with this weapon are significantly faster.
   Str:       It affects your strength (-3).
   rN:        It greatly protects you from negative energy.
   Fly:       It grants you flight.
Missiles
 e - 4 poisoned darts (quivered)
 m - 5 datura-tipped darts
Armour
 b - a +0 scale mail (worn)
 c - a +0 buckler (worn)
 f - a +0 chain mail
Jewellery
 j - a ring of ice
Wands
 p - a wand of flame (8)
 r - a wand of quicksilver (15)
Scrolls
 d - a scroll of teleportation {unknown}
 i - a scroll of vulnerability
 k - 5 scrolls of fear
 n - a scroll of magic mapping
 t - 2 scrolls of fog
 u - 3 scrolls of blinking
 x - a scroll of poison {unknown}
 y - a scroll of enchant weapon {unknown}
 A - a scroll of immolation {unknown}
Potions
 h - a potion of cancellation
 l - a potion of flight
 o - 2 potions of curing
 q - a potion of magic {unknown}
 s - a potion of lignification {unknown}
 w - a potion of attraction {unknown}
 z - a potion of degeneration {unknown}


   Skills:
 + Level 5.8 Fighting
 + Level 7.9 Axes
 + Level 2.1 Throwing
 + Level 7.2 Armour
 + Level 4.4 Shields


You had 7 spell levels left.
You didn't know any spells.
Your spell library contained the following spells:

 Spells                   Type           Power      Damage    Failure   Level
 Foxfire                  Conj/Fire      0%         2x1d4     89%         1
 Necrotise                Necr           0%         1d4       89%         1
 Conjure Flame            Conj/Fire      0%         6-21      99%         3
 Inner Flame              Hex/Fire       0%         N/A       99%         3
 Vampiric Draining        Necr           0%         2d6       99%         3
 Flame Wave               Conj/Fire      0%         2d4       100%        4
 Agony                    Necr           0%         N/A       100%        5


Dungeon Overview and Level Annotations

Branches:
Dungeon (6/15)
 Temple: D:4-7

Altars:
Cheibriados
Dithmenos
Ru
Trog
Wu Jian


Innate Abilities, Weirdness & Mutations

You have a pair of horns on your head.
You reflexively headbutt those who attack you in melee.


Message History

You destroy the wight!
Your life force feels restored.
Things that are here:
a +3 mace; a +0 robe You start resting.
A wight comes into view. It is wielding a +5 battleaxe.
A wight is nearby!
A wight is nearby!
The wight hits you with a +5 battleaxe!
You hit the wight. You headbutt the wight.
The wight is severely damaged.
The wight hits you with a +5 battleaxe!!
You partially resist.
You feel drained.
You barely miss the wight.
The wight is severely damaged.
The wight hits you with a +5 battleaxe. You partially resist.
You feel drained.
You closely miss the wight.
You headbutt the wight, but do no damage.
The wight is severely damaged.
You barely miss the wight.
The wight is severely damaged.
The wight hits you with a +5 battleaxe!
* * * LOW HITPOINT WARNING * * *
You partially resist.
You feel drained.
* * * LOW HITPOINT WARNING * * *
You closely miss the wight.
The wight is severely damaged.
You block the wight's attack.
You hit the wight but do no damage.
The wight is severely damaged.
You hit the wight.
The wight is severely damaged.
The wight hits you with a +5 battleaxe!
* * * LOW HITPOINT WARNING * * *
You partially resist.
You feel drained.
* * * LOW HITPOINT WARNING * * *
You hit the wight.
The wight is almost destroyed.
The wight hits you with a +5 battleaxe.
You die...

#†#..# #+########.#..#
#.......##.#..#
#.......##....#####
###.......#####z....#
#...............###.#
.......^..#########.###
#......z.# ###.....###
###.....@.# ##.........#
........).# #....##.....
###....<..####....##.....
#.#...#..##.........§≈.
#. #...##.##..♣♣.....≈≈.
#. ######.....♣♣.._.....
# ####.....)......
#........≈≈ ##...##..≈≈


You could see a wight.

Vanquished Creatures
  2 ice beasts
  An orc warrior (D:4)
  A black bear (D:6)
  An ogre (D:5)
  A scorpion (D:4)
  2 wights (D:6)
  A jelly (D:1)
  2 hounds (D:5)
  An orc priest (D:4)
  Terence (D:3)
  Natasha (thrice) (D:3)
  3 orc wizards
  6 adders
  4 worms
  4 dart slugs
  12 orcs
  14 endoplasms
  4 giant cockroaches (D:1)
  9 goblins
  15 hobgoblins
  3 jackals (D:1)
  4 kobolds
  5 quokkas
  11 ball pythons
  5 frilled lizards
  7 rats
122 creatures vanquished.

Notes
Turn   | Place    | Note
-------+----------+-------------------------------------------
     0 | D:1      | cowcol the Minotaur Fighter began the quest for the Orb.
     0 | D:1      | Reached XP level 1. HP: 19/19 MP: 0/0
     1 | D:1      | Found a runed translucent door.
     1 | D:1      | Noticed a jelly
    69 | D:1      | Reached XP level 2. HP: 27/27 MP: 1/1
   659 | D:1      | Reached XP level 3. HP: 33/33 MP: 2/2
   926 | D:1      | Reached XP level 4. HP: 29/41 MP: 3/3
  1940 | D:2      | Found a faded altar of an unknown god.
  1969 | D:2      | Identified the +5 hand axe of Megalomania {speed, Fly rN++
                  | Str-3}
  2416 | D:3      | Reached XP level 5. HP: 47/47 MP: 4/4
  2677 | D:3      | Found a bloodstained altar of Trog.
  2703 | D:3      | Reached skill level 5 in Armour
  2742 | D:3      | Found a shadowy altar of Dithmenos.
  3264 | D:3      | Noticed Natasha
  3267 | D:3      | Noticed Terence
  3273 | D:3      | Killed Natasha
  3284 | D:3      | Killed Terence
  3285 | D:3      | Reached skill level 5 in Axes
  3687 | D:3      | Found a snail-covered altar of Cheibriados.
  4120 | D:3      | Noticed Natasha
  4127 | D:3      | Killed Natasha
  4128 | D:3      | Reached skill level 5 in Fighting
  4128 | D:3      | Reached XP level 6. HP: 51/56 MP: 5/5
  4655 | D:3      | Noticed Natasha
  4664 | D:3      | Killed Natasha
  4878 | D:4      | Noticed an orc warrior
  5327 | D:4      | Killed an orc warrior
  5886 | D:4      | Reached XP level 7. HP: 40/61 MP: 6/6
  6283 | D:5      | Entered Level 5 of the Dungeon
  6720 | D:5      | Reached skill level 1 in Throwing
  7503 | D:6      | Found an ornate altar of the Wu Jian Council.
  7545 | D:6      | Found a sacrificial altar of Ru.
  7574 | D:6      | Reached XP level 8. HP: 20/70 MP: 7/7
  7886 | D:6      | Slain by a wight

Illustrated notes

Levels and vault maps discovered:
D:1:      dpeg_arrival_caged_fury, layout_basic, serial_park_tiny_1,
          minmay_pentomino_z2
D:2:      layout_basic, basic_ecumenical_altar
D:3:      layout_basic, mainiacjoe_overflow_tiny_flanked, trog_butcher_becter,
          lemuel_tele_altar, minmay_misc_feat_more_columns,
          dreamdust_wishing_well, st_stairs_4, minmay_box_of_dots, uniq_terence,
          uniq_natasha
D:4:      layout_basic
D:5:      layout_loops_corners
D:6:      layout_loops_corners, mainiacjoe_overflow_surrounded_room,
          mainiacjoe_overflow_cross_hatched, nicolae_wu_jian_wuxing_cycle,
          minmay_temple_entry_statues_pillars

Skill      XL: |  1  2  3  4  5  6  7  8 |
---------------+-------------------------+-----
Armour         | 4 5 6 7 |  7.2
Fighting       | 4 5 |  5.8
Axes           | 3 4 5 6 7 |  7.9
Shields        | 4 |  4.4
Throwing       | 1 2 |  2.1

Action                   |  1- 3 |  4- 6 |  7- 9 || total
-------------------------+-------+-------+-------++-------
Melee: War axe           |    48 |    41 |       ||    89
       Headbutt          |     5 |    25 |    18 ||    48
       Hand axe          |       |   136 |    69 ||   205
Throw: Dart              |     2 |     3 |    22 ||    27
  Use: Scroll            |       |     4 |     2 ||     6
       Potion            |       |     4 |     2 ||     6
Armor: Scale mail        |    13 |    45 |    12 ||    70
Dodge: Dodged            |    14 |    41 |    16 ||    71
Block: Buckler           |     3 |    25 |     7 ||    35
